 Dungeon Crawl Stone Soup version 0.21-b1-21-g86478ac (webtiles) character file.

16435 pomescollege the Cleaver (level 12, -3/99 HPs)
             Began as a Deep Dwarf Fighter on Jan 5, 2018.
             Was the Champion of Makhleb.
             Killed from afar by a deep elf mage (27 damage)
             ... with a bolt of fire
             ... on level 13 of the Dungeon.
             The game lasted 00:51:25 (9922 turns).

pomescollege the Cleaver (Deep Dwarf Fighter)       Turns: 9922, Time: 00:51:26

Health: -3/99      AC: 16    Str: 20    XL:     12   Next: 10%
Magic:  18/18      EV:  4    Int: 10    God:    Makhleb [******]
Gold:   357        SH: 15    Dex: 19    Spells: 11/11 levels left

rFire    . . .     SeeInvis .   H - +3 war axe (chop)
rCold    + . .     Gourm    .   P - +0 large shield
rNeg     + . .     Faith    +   b - +0 plate armour {rC+}
rPois    .         Spirit   .   R - +0 hat
rElec    +         Reflect  .   (no cloak)
rCorr    .         Harm     .   I - +0 pair of gloves {Dex+3}
MR       ++...                  (no boots)
Stlth    ..........             D - amulet of Quich {Faith rElec rN+}
HPRegen  0.00/turn              K - ring of flight
MPRegen  0.16/turn              E - ring of protection from magic

@: non-regenerating
A: damage resistance, heal wounds, sense surroundings 2, no regeneration
a: Heal Wounds, Minor Destruction, Lesser Servant of Makhleb, Major Destruction,
Greater Servant of Makhleb, Renounce Religion, Evoke Flight


You were on level 13 of the Dungeon.
You worshipped Makhleb.
Makhleb was exalted by your worship.
You were not hungry.

You visited 1 branch of the dungeon, and saw 13 of its levels.

You collected 566 gold pieces.
You spent 209 gold pieces at shops.

Inventory:

Hand Weapons
 a - a +2 war axe of freezing
 q - a +0 hunting sling of freezing
 G - a +0 broad axe
 H - a +3 war axe of chopping (weapon)
Missiles
 s - 12 sling bullets
Armour
 b - a +0 plate armour of cold resistance (worn)
 c - a +0 shield
 d - +0 fire dragon scales
 I - a +0 pair of gloves of dexterity (worn)
 P - a +0 large shield (worn)
 R - a +0 hat (worn)
Jewellery
 n - an uncursed ring of ice
 u - a +2 ring of strength
 D - the amulet of Quich (around neck) {Faith rElec rN+}
   (You found it on level 6 of the Dungeon)

   [amulet of faith]

   It allows you to gain divine favour quickly.
   It insulates you from electricity.
   It protects you from negative energy.
 E - a ring of protection from magic (right hand)
 J - a +3 ring of strength
 K - a ring of flight (left hand)
Wands
 t - a wand of disintegration (13)
 v - a wand of digging (18)
 C - a wand of acid (3)
Scrolls
 e - a scroll of teleportation
 h - 4 scrolls of amnesia
 j - a scroll of identify
 p - a scroll of magic mapping
 B - 7 scrolls of remove curse
 O - 3 scrolls of random uselessness
Potions
 g - 2 potions of flight
 i - a potion of resistance
 k - a potion of invisibility
 l - 3 potions of lignification
 m - 4 potions of curing
 r - a potion of magic
 x - 2 potions of cancellation
 A - 2 potions of brilliance
 N - 4 potions of heal wounds
Books
 o - a book of Conjurations

   Spells                             Type                      Level
   a - Magic Dart                     Conjuration                  1
   b - Searing Ray                    Conjuration                  2
   c - Dazzling Spray                 Conjuration/Hexes            3
   d - Fulminant Prism                Conjuration/Hexes            4
   e - Force Lance                    Conjuration/Translocation    4
   f - Iskenderun's Mystic Blast      Conjuration                  4
 z - a book of Changes

   Spells                             Type                      Level
   a - Beastly Appendage              Transmutation                1
   b - Sticks to Snakes               Transmutation                2
   c - Spider Form                    Transmutation/Poison         3
   d - Ice Form                       Ice/Transmutation            4
   e - Blade Hands                    Transmutation                5
 F - a Grand Grimoire

   Spells                             Type                      Level
   a - Monstrous Menagerie            Summoning                    7
   b - Summon Greater Demon           Summoning                    7
   c - Malign Gateway                 Summoning/Translocation      7
   d - Summon Horrible Things         Summoning                    8
 M - a book of Alchemy

   Spells                             Type                      Level
   a - Sublimation of Blood           Necromancy                   2
   b - Ignite Poison                  Fire/Transmutation/Poison    3
   c - Petrify                        Transmutation/Earth          4
   d - Alistair's Intoxication        Transmutation/Poison         5
   e - Irradiate                      Conjuration/Transmutation    5
Comestibles
 f - 20 rations
 L - a chunk of flesh


   Skills:
 - Level 3.9 Fighting
 * Level 14.5 Axes
 + Level 11.1 Armour
 - Level 2.8 Dodging
 - Level 4.8 Shields
 + Level 11.6 Invocations


You had 11 spell levels left.
You didn't know any spells.

Dungeon Overview and Level Annotations

Branches:
Dungeon (14/15)            Temple (0/1) D:6            Lair (0/6) D:10
    Orc (0/2) D:11         Vaults (0/5) D:13

Altars:
Ashenzari
Cheibriados
Dithmenos
Fedhas
Kikubaaqudgha
Makhleb
Okawaru
Sif Muna
Uskayaw
Wu Jian
Xom
Yredelemnul
The Shining One
Jiyva

Shops:
D:7 ?   D:8 [

Annotations:
D:11 exclusion: ice statue, Maurice
D:14 1 transporter


Innate Abilities, Weirdness & Mutations

You are resistant to damage.
You can heal yourself by infusing magical energy.
You passively map the area around you.
You do not regenerate.


Message History

An orc comes into view. It is wielding a club.
The orc shouts!
You hit the skeletal warrior.
The skeletal warrior is almost destroyed.
You hear a shout!
The orc moves out of view.
You block the skeletal warrior's attack.
You hit the skeletal warrior but do no damage.
The skeletal warrior is almost destroyed.
You hit the skeletal warrior but do no damage.
The skeletal warrior is almost destroyed.
You block the skeletal warrior's attack.
You hit the skeletal warrior.
You destroy the skeletal warrior!
Makhleb accepts your kill.
You feel better.
A deep elf mage comes into view. It is wielding a long sword of flaming.
The deep elf mage casts a spell at you. The bolt of fire hits you!
You die...

#...######..# *,,.,,,,,,,
##..## *#.# **,..,,,,,,,
#..## #.##**,...,,,,,,,
#..## #..#*,.z..,,,,,,,
##..## #..##.o!..,,,,*,,
##..## #.$.z.....,,,,*,*
##..######..)......,,,,,,*
##...##...........,,,,,**
#......@.........,,,,**
#.....##.........,,,**
*#...###.........%,,,*
#..###*#..e.......,,**
*#..# *...........,,*
#...# #...........,**
##..** #..........,,*****
##,,***,,.......,,,,,,,**
***,**,,,,,,,,,,,,,,,,,*


You could see 2 skeletal warriors, a deep elf mage and an orc.

Vanquished Creatures
  2 vault guards (D:13)
  The ghost of queenofzan the Cleaver, a novice MiBe of Trog (D:8)
  A skeletal warrior (D:13)
  A necromancer (D:13)
  A wolf spider zombie (D:11)
  An ice statue (D:11)
  A komodo dragon (D:10)
  Prince Ribbit (D:7)
  2 hippogriffs
  A spriggan (D:7)
  10 yaks
  The ghost of pomescollege the Covered, an amateur DDFi of Makhleb (D:4)
  18 humans (D:13)
  2 hungry ghosts
  2 orc warriors (D:7)
  2 sky beasts
  14 ice beasts
  A black bear (D:7)
  A phantom (D:10)
  4 ogres
  4 centaurs
  2 big kobolds
  8 bullfrogs
  A wyvern zombie (D:10)
  A wyvern skeleton (D:10)
  3 scorpions
  9 killer bees
  2 electric eels (D:9)
  4 howler monkeys
  2 crimson imps
  2 centaur zombies
  2 centaur skeletons
  A gnoll shaman (D:6)
  4 orc priests
  2 hounds
  A jelly (D:7)
  10 orc wizards
  3 bullfrog skeletons
  2 iguanas
  8 worker ants
  2 hound zombies
  3 hound skeletons
  A howler monkey zombie (D:5)
  A mummy (D:6)
  A worker ant zombie (D:5)
  17 gnolls
  18 adders
  8 shadow imps
  2 oozes
  An adder skeleton (D:5)
  A worm (D:4)
  2 dart slugs
  5 leopard geckos
  29 orcs
  5 ball pythons
  4 giant cockroaches
  8 goblins
  8 hobgoblins
  12 jackals
  6 quokkas
  6 bats
  2 frilled lizards (D:2)
  A jackal skeleton (D:5)
  16 kobolds
  A kobold zombie (D:6)
  An orc zombie (D:6)
  A quokka skeleton (D:9)
  9 rats
  3 fungi (D:5)
  3 plants (D:10)
315 creatures vanquished.

Vanquished Creatures (collateral kills)
  A fire dragon (D:9)
  2 two-headed ogres (D:8)
  A hippogriff (D:11)
  2 orcs (D:8)
6 creatures vanquished.

Vanquished Creatures (others)
  2 plants (D:10)
2 creatures vanquished.

Grand Total: 323 creatures vanquished

Notes
Turn   | Place    | Note
-------+----------+-------------------------------------------
     0 | D:1      | pomescollege the Deep Dwarf Fighter began the quest for the Orb.
     0 | D:1      | Reached XP level 1. HP: 20/20 MP: 1/1
    51 | D:1      | Reached XP level 2. HP: 24/27 MP: 2/2
   442 | D:1      | Reached XP level 3. HP: 26/34 MP: 3/3
   836 | D:2      | Reached skill level 3 in Axes
   836 | D:2      | Reached XP level 4. HP: 29/42 MP: 4/4
   844 | D:2      | Found an iron altar of Okawaru.
   916 | D:2      | Found a faded altar of an unknown god.
  1025 | D:2      | Found a burning altar of Makhleb.
  1030 | D:2      | Became a worshipper of Makhleb the Destroyer
  1134 | D:2      | Reached skill level 1 in Dodging
  1399 | D:2      | Found a shattered altar of Ashenzari.
  1694 | D:3      | Reached * piety under Makhleb
  1698 | D:3      | Reached XP level 5. HP: 30/49 MP: 5/5
  2552 | D:4      | Reached skill level 4 in Axes
  2589 | D:4      | Reached XP level 6. HP: 35/56 MP: 6/6
  3033 | D:4      | Reached skill level 1 in Invocations
  3046 | D:4      | Noticed pomescollege's ghost (amateur DDFi)
  3087 | D:4      | Killed pomescollege's ghost
  3087 | D:4      | Reached XP level 7. HP: 23/63 MP: 6/8
  3155 | D:4      | Reached skill level 5 in Axes
  3482 | D:4      | Reached ** piety under Makhleb
  3723 | D:5      | Entered Level 5 of the Dungeon
  3751 | D:5      | Reached skill level 5 in Armour
  4298 | D:6      | Found a staircase to the Ecumenical Temple.
  4302 | D:6      | Reached skill level 6 in Axes
  4337 | D:6      | Reached XP level 8. HP: 61/72 MP: 10/10
  4390 | D:6      | Reached skill level 5 in Invocations
  4399 | D:6      | Reached *** piety under Makhleb
  4530 | D:6      | Reached skill level 7 in Axes
  4579 | D:6      | Found a sand-covered staircase.
  4647 | D:6      | Got a shimmering amethyst amulet
  5010 | D:7      | Found a blossoming altar of Fedhas.
  5011 | D:7      | Found an ancient bone altar of Kikubaaqudgha.
  5024 | D:7      | Found Kilisy Tiddo's Magic Scroll Shop.
  5027 | D:7      | Bought a scroll of fog for 20 gold pieces
  5027 | D:7      | Bought a scroll of identify for 20 gold pieces
  5027 | D:7      | Identified the amulet of Quich {Faith rElec rN+} (You found it on level 6 of the Dungeon)
  5045 | D:7      | Noticed Prince Ribbit
  5050 | D:7      | Killed Prince Ribbit
  5050 | D:7      | Reached skill level 8 in Axes
  5073 | D:7      | Gained mutation: You passively map the area around you. [Deep Dwarf growth]
  5073 | D:7      | Reached XP level 9. HP: 66/78 MP: 12/12
  5161 | D:7      | Bought a scroll of identify for 20 gold pieces
  5397 | D:7      | Found a basalt altar of Yredelemnul.
  5408 | D:7      | Found a shadowy altar of Dithmenos.
  5411 | D:7      | Found a snail-covered altar of Cheibriados.
  5412 | D:7      | Found an ornate altar of the Wu Jian Council.
  5412 | D:7      | Found an iron altar of Okawaru.
  5412 | D:7      | Found a deep blue altar of Sif Muna.
  5444 | D:7      | Reached skill level 9 in Axes
  5461 | D:7      | Reached **** piety under Makhleb
  6156 | D:8      | Found Gosakej's Armour Shoppe.
  6164 | D:8      | Bought a +0 pair of gloves of dexterity for 149 gold pieces
  6223 | D:8      | Reached skill level 10 in Axes
  6335 | D:8      | Noticed a two-headed ogre
  6338 | D:8      | Noticed queenofzan's ghost (novice MiBe)
  6354 | D:8      | Killed a two-headed ogre
  6370 | D:8      | Reached ***** piety under Makhleb
  6412 | D:8      | Killed queenofzan's ghost
  6412 | D:8      | Reached skill level 11 in Axes
  6412 | D:8      | Reached XP level 10. HP: 55/85 MP: 14/14
  6500 | D:8      | Noticed a two-headed ogre
  6512 | D:8      | Killed a two-headed ogre
  6880 | D:8      | Found a hide-covered altar of Uskayaw.
  6965 | D:9      | Found a shimmering altar of Xom.
  6965 | D:9      | Found a shimmering altar of Xom.
  7157 | D:9      | Found a glowing golden altar of the Shining One.
  7239 | D:9      | Noticed a fire dragon
  7680 | D:9      | Found a deep blue altar of Sif Muna.
  7929 | D:9      | Killed a fire dragon
  7929 | D:9      | Reached skill level 12 in Axes
  8206 | D:10     | Entered Level 10 of the Dungeon
  8501 | D:10     | Reached XP level 11. HP: 64/91 MP: 17/17
  8685 | D:10     | Found a staircase to the Lair.
  8716 | D:10     | Reached skill level 10 in Invocations
  8984 | D:11     | Reached skill level 10 in Armour
  9004 | D:11     | Reached skill level 13 in Axes
  9382 | D:11     | Noticed Maurice
  9382 | D:11     | Noticed a deep elf mage
  9436 | D:11     | HP: 1/91 [ice beast (14)]
  9559 | D:11     | You fall through a shaft for 3 floors!
  9559 | D:14     | Found a transporter.
  9559 | D:14     | Found a viscous altar of Jiyva.
  9559 | D:14     | Noticed a death ooze
  9564 | D:14     | Noticed a glowing orange brain
  9738 | D:13     | Reached skill level 14 in Axes
  9741 | D:13     | Reached ****** piety under Makhleb
  9761 | D:13     | Found a gate to the Vaults.
  9761 | D:13     | Noticed a vault guard
  9761 | D:13     | Noticed a necromancer
  9761 | D:13     | Noticed a vault guard
  9761 | D:13     | Noticed a vault guard
  9761 | D:13     | Noticed a vault guard
  9813 | D:13     | Killed a vault guard
  9827 | D:13     | Killed a necromancer
  9844 | D:13     | Killed a vault guard
  9844 | D:13     | Reached XP level 12. HP: 59/99 MP: 18/18
  9922 | D:13     | Killed from afar by a deep elf mage

Skill      XL: |  1  2  3  4  5  6  7  8  9 10 11 |
---------------+----------------------------------+-----
Fighting       | 3 |  3.9
Axes           | 3 4 6 8 11 12 14 | 14.5
Dodging        | 1 2 |  2.8
Armour         | 4 5 6 8 9 11 | 11.1
Shields        | 4 |  4.8
Invocations    | 1 4 6 7 9 11 | 11.6

Action                   |  1- 3 |  4- 6 |  7- 9 | 10-12 || total
-------------------------+-------+-------+-------+-------++-------
Melee: War axe           |    87 |   202 |   376 |   506 ||  1171
Invok: Minor Destruction |       |       |    12 |     3 ||    15
       Lesser Servant of |       |       |     1 |     3 ||     4
       Major Destruction |       |       |       |     1 ||     1
 Abil: Heal Wounds       |       |       |     2 |     3 ||     5
       Stop Flying       |       |       |       |     1 ||     1
       Evoke Flight      |       |       |       |     1 ||     1
Evoke: Wand              |       |       |    11 |     2 ||    13
  Use: Scroll            |       |     9 |    11 |    13 ||    33
       Potion            |       |     1 |     4 |    15 ||    20
 Stab: Invisible         |       |       |     2 |       ||     2
       Distracted        |       |       |       |     1 ||     1
  Eat: Chunk             |       |     4 |     5 |     6 ||    15
       Ration            |       |     1 |     2 |     3 ||     6
Armor: Scale mail        |    37 |    95 |   100 |    24 ||   256
       Fire dragon scale |       |       |       |   131 ||   131
       Plate armour      |       |       |       |    45 ||    45
Dodge: Dodged            |    28 |    64 |   109 |   118 ||   319
Block: Shield            |    50 |   109 |   179 |   248 ||   586
       Large shield      |       |       |       |    11 ||    11
